 Dungeon Crawl Stone Soup version 0.30.0-29-ga12c61a403 (webtiles) character file.

Game seed: 5184936180612968158

357 Irreverend the Insei (level 6, -8/47 HPs)
             Began as a Draconian Transmuter on June 3, 2023.
             Was an Initiate of Wu Jian.
             Mangled by an ogre
             ... wielding a +0 giant spiked club
              (19 damage)
             ... on level 5 of the Dungeon.
             The game lasted 00:07:02 (3848 turns).

Irreverend the Insei (Draconian Transmuter)         Turns: 3848, Time: 00:07:03

Health: -8/47      AC:  6    Str: 12    XL:     6   Next: 37%
Magic:  10/11      EV: 12    Int: 15    God:    Wu Jian [......]
Gold:   217        SH:  0    Dex: 12    Spells: 6/12 levels left

rFire   . .          .
                       - Unarmed
rCold   . . .        (no shield)
rNeg    . . .        (body armour unavailable)
rPois   .            (helmet restricted)
rElec   .            (no cloak)
rCorr   .            (no gloves)
SInv    .            (no boots)
Will    .....        (no amulet)
Stlth   +            m - ring of wizardry
HPRegen 0.27/turn    (no ring)
MPRegen 0.12/turn

%: wizardry (x1)
@: no status effects
A: AC +6, unfitting armour, cold-blooded
a: Renounce Religion


You were on level 5 of the Dungeon.
You worshipped Wu Jian.
Wu Jian was noncommittal.
You visited 1 branch of the dungeon, and saw 5 of its levels.

You collected 217 gold pieces.

Inventory:

Jewellery
 m - a ring of wizardry (left hand)
 q - a ring of protection from fire
Wands
 l - a wand of flame (12)
Scrolls
 b - a scroll of silence {unknown}
 d - 3 scrolls of acquirement {unknown}
 g - 2 scrolls of identify {unknown}
 h - 2 scrolls of fog {unknown}
 j - a scroll of brand weapon {unknown}
 k - a scroll of poison {unknown}
 p - a scroll of fear {unknown}
 r - a scroll of enchant weapon {unknown}
 s - a scroll of amnesia {unknown}
 u - 2 scrolls of noise {unknown}
 v - a scroll of magic mapping {unknown}
Potions
 a - a potion of lignification
 c - 4 potions of mutation {unknown}
 e - 3 potions of might {unknown}
 f - 3 potions of attraction {unknown}
 i - a potion of haste {unknown}
 n - 4 potions of curing {unknown}
 o - a potion of heal wounds {unknown}
 t - 2 potions of brilliance {unknown}


   Skills:
 - Level 1.1 Fighting
 - Level 1.7 Dodging
 * Level 5.5 Unarmed Combat
 + Level 3.5 Spellcasting
 + Level 3.7 Transmutations


You had 6 spell levels left.
You knew the following spells:

 Your Spells              Type           Power      Damage    Failure   Level
a - Beastly Appendage     Tmut           26%        N/A       1%          1
b - Wereblood             Tmut           13%        N/A       2%          2
c - Spider Form           Tmut/Pois      8%         N/A       11%         3

Your spell library contained the following spells:

 Spells                   Type           Power      Damage    Failure   Level
 Passwall                 Tmut/Erth      6%         N/A       6%          2
 Ensorcelled Hibernation  Hex/Ice        4%         N/A       12%         2
 Swiftness                Air            2%         N/A       22%         3
 Ice Form                 Ice/Tmut       8%         N/A       32%         4
 Iskenderun's Battlesphe  Conj           2%         2d6       88%         5
 Iron Shot                Conj/Erth      1%         9d1       100%        6
 Spellforged Servitor     Conj/Summ      1%         N/A       100%        7


Dungeon Overview and Level Annotations

Branches:
Dungeon (5/15)
 Temple: D:4-7

Altars:
Dithmenos
Fedhas
Nemelex Xobeh
Wu Jian
Xom

Shops:
D:4 (

Annotations:
D:3 3 runed translucent doors, PaiMei's ghost, amateur MfIE; jagang's ghost, amateur DEGl


Innate Abilities, Weirdness & Mutations

Your plain brown scales are hard. (AC +6)
You cannot fit into any form of body armour.
You are cold-blooded and may be slowed by cold attacks.


Message History

You kill the adder!
The Council accepts your kill.
Found a scroll labelled LOSOCRI CYUNUCET.
You see here an adder corpse.
Your transformation is almost over.
Your transformation has ended.
Magic restored.
u - 2 scrolls labelled LOSOCRI CYUNUCET (gained 1)
An ogre comes into view. It is wielding a +0 giant spiked club.
The ogre moves out of view.
An ogre is nearby!
Casting: Spider Form (dangerous; 11% risk of failure)
Confirm with . or Enter, or press ? or * to list all spells.
You turn into a venomous arachnid creature.
You see here a scroll labelled RUETIERYEG.
You lunge at the ogre.
You hit the ogre.
The ogre is poisoned.
The ogre is lightly wounded.
The ogre barely misses you.
You barely miss the ogre.
The ogre is lightly wounded.
You hit the ogre but do no damage.
The ogre looks even sicker.
The ogre is moderately wounded.
The ogre hits you with a +0 giant spiked club!!
You barely miss the ogre.
The ogre is moderately wounded.
Your transformation is almost over.
The ogre misses you.
You hit the ogre but do no damage.
The ogre is moderately wounded.
You hit the ogre.
The ogre looks as sick as possible!
The ogre is severely wounded.
The ogre hits you with a +0 giant spiked club!!
* * * LOW HITPOINT WARNING * * *
You see here a scroll labelled RUETIERYEG.
The ogre attacks as you move away! The ogre closely misses you.
Your transformation has ended.
Found 16 gold pieces.
The ogre attacks as you move away!
The ogre hits you with a +0 giant spiked club!!
You die...

...#.#.# #.#########
######.#.#.#+#.#.......#
#........#†......###.###
#.####.###.........#
#.....<..........#.#
..#########.......#...
.............###.# ###
#.......O..........
.$.....@.........#.#
#############.##.#.# .#
# # .# .#


You could see an ogre (very poisoned).

Vanquished Creatures
  A water moccasin (D:5)
  A scorpion (D:4)
  An iguana (D:4)
  9 adders
  A shadow imp (D:4)
  An ufetubus (D:4)
  A worm (D:4)
  3 dart slugs
  2 orcs
  2 bats
  7 endoplasms
  2 giant cockroaches (D:1)
  8 goblins
  6 hobgoblins
  4 kobolds
  3 quokkas
  6 ball pythons
  4 frilled lizards
  8 rats
70 creatures vanquished.

Notes
Turn   | Place    | Note
-------+----------+-------------------------------------------
     0 | D:1      | Irreverend the Draconian Transmuter began the quest for the
                  | Orb.
     0 | D:1      | Reached XP level 1. HP: 16/16 MP: 3/3
    62 | D:1      | Reached XP level 2. HP: 19/23 MP: 3/5
   867 | D:2      | Reached XP level 3. HP: 28/28 MP: 4/6
   999 | D:2      | Identified the +3 hand axe "Sonurog" {protect, +Blink Str+2
                  | Int-4}
  1015 | D:2      | Reached skill level 4 in Unarmed Combat
  1310 | D:2      | Reached XP level 4. HP: 35/35 MP: 5/7
  1396 | D:2      | Identified the +2 robe "Xel Babrynk" {rN++ Regen+ Int-2
                  | Dex-3}
  1578 | D:2      | Found a faded altar of an unknown god.
  1636 | D:3      | Learned a level 2 spell: Wereblood
  1642 | D:3      | Learned a level 3 spell: Spider Form
  2206 | D:3      | Found a runed translucent gate.
  2206 | D:3      | Found a runed translucent gate.
  2207 | D:3      | Found a runed translucent gate.
  2211 | D:3      | Noticed jagang's ghost (amateur DEGl)
  2211 | D:3      | Noticed PaiMei's ghost (amateur MfIE)
  2680 | D:4      | Noticed a scorpion
  2686 | D:4      | Killed a scorpion
  2687 | D:4      | Reached XP level 5. HP: 36/40 MP: 5/9
  2768 | D:4      | Found a sparkling altar of Nemelex Xobeh.
  2768 | D:4      | Found a shadowy altar of Dithmenos.
  2776 | D:4      | Found an ornate altar of the Wu Jian Council.
  2778 | D:4      | Found a blossoming altar of Fedhas.
  2780 | D:4      | Found a faded altar of an unknown god.
  2811 | D:4      | Found Zuareomi's Antique Weapon Shoppe.
  2877 | D:4      | Became a worshipper of the Wu Jian Council
  3181 | D:4      | Reached skill level 5 in Unarmed Combat
  3600 | D:4      | Found a shimmering altar of Xom.
  3709 | D:5      | Entered Level 5 of the Dungeon
  3709 | D:5      | Noticed a water moccasin
  3722 | D:5      | Killed a water moccasin
  3723 | D:5      | Reached XP level 6. HP: 31/47 MP: 4/11
  3848 | D:5      | Mangled by an ogre

Illustrated notes

Levels and vault maps discovered:
D:1:      dpeg_arrival_long_road, layout_loops_cross, st_stairs_13
D:2:      layout_basic, hellmonk_ecumenical_altar_inner_sanctum,
          kennysheep_generic_room_2
D:3:      layout_basic, gammafunk_ghost_cemetery, st_stairs_13
D:4:      layout_cave_pools, chequers_temple_overflow_minitemple, tgw_xom,
          serial_shops, nicolae_shop_overgrown_old_shop, grunt_ministairs_3,
          kennysheep_generic_room_15
D:5:      layout_basic, serial_shops, nicolae_shop_waterfront,
          minmay_ogre_servants

Skill      XL: |  1  2  3  4  5 |
---------------+----------------+-----
Unarmed Combat | 4 5 |  5.5
Spellcasting   | 3 |  3.5
Transmutations | 3 |  3.7
Fighting       | |  1.1
Dodging        | |  1.7

Action                     |  1- 3 |  4- 6 || total
---------------------------+-------+-------++-------
  Melee: Unarmed           |    85 |   125 ||   210
         Kick              |     9 |     5 ||    14
         Tailslap          |     9 |     3 ||    12
         Headbutt          |     6 |     4 ||    10
   Cast: Beastly Appendage |    22 |    10 ||    32
         Spider Form       |       |    14 ||    14
Ability: Lunge             |       |     6 ||     6
   Stab: Sleeping          |     2 |       ||     2
 Armour: Skin              |    21 |    21 ||    42
  Dodge: Dodged            |    34 |   104 ||   138
